 Dungeon Crawl Stone Soup version 0.28-b1-70-g80dc712255 (webtiles) character file.

Game seed: 10630125957686112580

352 adizb the Skirmisher (level 6, 0/57 HPs)
             Began as a Naga Fighter on Feb 3, 2022.
             Slain by an ogre (26 damage)
             ... on level 4 of the Dungeon.
             The game lasted 00:08:42 (1996 turns).

adizb the Skirmisher (Naga Fighter)                 Turns: 1996, Time: 00:08:42

Health: 0/57       AC:  5    Str: 20    XL:     6   Next: 62%
Magic:  6/6        EV:  7    Int: 11    God:
Gold:   68         SH:  9    Dex: 16    Spells: 5/5 levels left

rFire   + . .      SeeInvis +   r - +8 mace of the Forest {spect, rF+ Int+2}
rCold   . . .      Faith    .   e - +0 kite shield
rNeg    . . .      Spirit   .   n - +0 ring mail
rPois   +          Reflect  .   q - +0 hat
rElec   .          Harm     .   (no cloak)
rCorr   .          Rampage  .   (no gloves)
Will    +....                   (no barding)
Stlth   +.........              (no amulet)
HPRegen 0.19/turn               f - +6 ring of dexterity
MPRegen 0.10/turn               h - ring of willpower

@: very slow
A: AC +2, large, see invisible, deformed body, poison resistance, slowness 2,
spit poison 1, naga tail 1
a: Spit Poison


You were on level 4 of the Dungeon.
You visited 1 branch of the dungeon, and saw 4 of its levels.

You collected 68 gold pieces.

Inventory:

Hand Weapons
 a - a +0 war axe
 r - the +8 mace of the Forest (weapon) {spect, rF+ Int+2}
   (You found it on level 3 of the Dungeon)

   When its wielder attacks, the weapon's spirit leaps out and strikes again.
   The spirit shares a part of any damage it takes with its wielder.
   Int:       It affects your intelligence (+2).
   rF:        It protects you from fire.
 s - a +1 hand axe of venom
Armour
 b - a +0 scale mail
 c - a +0 buckler
 e - a +0 kite shield (worn)
 n - a +0 ring mail (worn)
 q - a +0 hat (worn)
Jewellery
 f - a +6 ring of dexterity (left hand)
 h - a ring of willpower (right hand)
 l - an amulet of faith
Scrolls
 g - a scroll of immolation
 j - a scroll of teleportation
 m - a scroll of enchant armour {unknown}
Potions
 d - a potion of berserk rage {unknown}
 i - a potion of curing {unknown}
 k - a potion of attraction {unknown}
 o - a potion of degeneration {unknown}


   Skills:
 + Level 4.0 Fighting
 + Level 3.9(4.3) Axes
 * Level 2.3(3.4) Maces & Flails
 + Level 3.3 Armour
 + Level 3.3 Shields


You had 5 spell levels left.
You didn't know any spells.
Your spell library contained the following spells:

 Spells                   Type           Power      Damage    Failure   Level
 Ensorcelled Hibernation  Hex/Ice        0%         N/A       91%         2
 Spider Form              Tmut/Pois      0%         N/A       99%         3
 Anguish                  Hex/Necr       0%         N/A       100%        4
 Animate Dead             Necr           0%         N/A       100%        4
 Borgnjor's Vile Clutch   Necr/Erth      0%         N/A       100%        5
 Death Channel            Necr           0%         N/A       100%        6


Dungeon Overview and Level Annotations

Branches:
Dungeon (4/15)
 Temple: D:4-7

Altars:
Qazlal

Shops:
D:4 *


Innate Abilities, Weirdness & Mutations

Your serpentine skin is tough. (AC +2)
You have supernaturally acute eyesight. (SInv)
Armour fits poorly on your strangely shaped body.
Your system is resistant to poisons. (rPois)
You cover ground very slowly.
You can spit poison.
You have a snake-like lower body.


Message History

You block the quokka's attack.
You sock the quokka!
You kill the quokka!
You sock the gnoll!
The gnoll is almost dead.
An ufetubus comes into view.
You block the gnoll's attack.
The ufetubus moves out of view.
You sock the gnoll shaman!
The gnoll shaman is heavily wounded.
The gnoll shaman calls upon its god to speed up the gnoll.
The gnoll seems to speed up.
You hit the gnoll shaman.
The gnoll shaman is heavily wounded.
The gnoll shaman hits you with a +0 club.
You barely miss the gnoll shaman.
The gnoll shaman is heavily wounded.
The gnoll shaman hits you with a +0 club.
You closely miss the gnoll shaman.
The gnoll shaman is heavily wounded.
You block the gnoll shaman's attack.
The gnoll shaman hits you but does no damage.
Aiming: Spit Poison (1% risk of failure)
Press: ? - help, Q - select action Shift-Dir - straight line, f - gnoll shaman
Aim: a gnoll shaman, wielding a +0 club and wearing a +0 leather armour (heavily wounded, 65% to hit)
The splash of poison hits the gnoll shaman.
The gnoll shaman is heavily wounded.
The gnoll shaman barely misses you.
You sock the gnoll shaman!
You kill the gnoll shaman!
You block the gnoll's attack.
You thump the gnoll!
You kill the gnoll!
You sock the ogre!
The ogre is moderately wounded.
The ogre hits you with a +0 giant club!
You thump the ogre!
The ogre is severely wounded.
You have got your breath back.
The ogre hits you with a +0 giant club!!
You die...

##...# ##....# .
#.....######## ..
##.##.###...... ...
#.<##..##...... ....
##.####..#...... .....
##..# ##........
......##..## ##.......
.....gO@.########.......
.....#####.(.......##...
... ##..........##..# ?
#.)........#....#
##..............∩.
............####..
#.....†....# #..
............# ....
..#........###....


You could see an ogre and a gnoll.

Vanquished Creatures
  A bullfrog (D:3)
  A water moccasin zombie (D:3)
  A gnoll shaman (D:4)
  2 iguanas (D:4)
  An orc wizard (D:3)
  3 gnolls (D:4)
  3 adders
  2 worms
  A dart slug (D:1)
  4 orcs (D:3)
  5 ball pythons
  4 endoplasms
  A giant cockroach (D:1)
  8 goblins
  4 hobgoblins
  8 jackals
  7 kobolds
  2 quokkas
  A bat (D:1)
  2 frilled lizards
  4 rats
65 creatures vanquished.

Notes
Turn   | Place    | Note
-------+----------+-------------------------------------------
     0 | D:1      | adizb the Naga Fighter began the quest for the Orb.
     0 | D:1      | Reached XP level 1. HP: 21/21 MP: 1/1
   158 | D:1      | Reached XP level 2. HP: 24/28 MP: 2/2
   389 | D:1      | Found a faded altar of an unknown god.
   600 | D:2      | Reached XP level 3. HP: 34/34 MP: 3/3
   625 | D:2      | Found a stormy altar of Qazlal.
  1056 | D:3      | Noticed a bullfrog
  1072 | D:3      | Killed a bullfrog
  1073 | D:3      | Reached XP level 4. HP: 9/43 MP: 4/4
  1073 | D:3      | Reached XP level 5. HP: 10/49 MP: 5/5
  1496 | D:3      | Identified the +8 mace of the Forest {spect, rF+ Int+2}
  1556 | D:3      | Reached skill level 1 in Maces & Flails
  1677 | D:3      | Reached XP level 6. HP: 50/57 MP: 6/6
  1921 | D:4      | Found Naadd's Assorted Antiques.
  1984 | D:4      | Reached skill level 4 in Fighting
  1996 | D:4      | Slain by an ogre

Illustrated notes

Levels and vault maps discovered:
D:1:      eino_arrival_druids_welcome, layout_rooms,
          ebering_ecumenical_altar_abandoned
D:2:      layout_basic, basic_altar
D:3:      layout_basic, st_stairs_11, minmay_diced_spiral,
          uniq_crazy_yiuf_cottage
D:4:      layout_rooms, marbit_many_paths, serial_shops, nicolae_square_shop,
          uniq_robin, uniq_pikel

Skill      XL: |  1  2  3  4  5  6 |
---------------+-------------------+-----
Axes           | 3 |  3.9
Armour         | 3 |  3.3
Maces & Flails | 1 2 |  2.3
Shields        | 3 |  3.3
Fighting       | 4 |  4.0

Action                   |  1- 3 |  4- 6 || total
-------------------------+-------+-------++-------
Melee: War axe           |    88 |    10 ||    98
       Mace              |       |    43 ||    43
 Abil: Spit Poison       |    13 |     2 ||    15
  Use: Potion            |     1 |       ||     1
       Scroll            |       |     4 ||     4
Armor: Scale mail        |    28 |       ||    28
       Ring mail         |    10 |    20 ||    30
Dodge: Dodged            |    27 |    15 ||    42
Block: Kite shield       |    67 |    21 ||    88
